 Dungeon Crawl Stone Soup version 0.22-a0-609-gfedc9ff (webtiles) character file.

0 Amnesiac the Caller (level 1, -1/10 HPs)
             Began as a Deep Elf Summoner on July 10, 2018.
             Slain by a ball python (2 damage)
             ... on level 1 of the Dungeon.
             The game lasted 00:00:45 (93 turns).

Amnesiac the Caller (Deep Elf Summoner)               Turns: 93, Time: 00:00:46

Health: -1/10      AC:  2    Str:  5    XL:     1   Next: 8%
Magic:  5/6        EV: 13    Int: 19    God:
Gold:   21         SH:  0    Dex: 15    Spells: 5/6 levels left

rFire    . . .     SeeInvis .   (no weapon)
rCold    . . .     Gourm    .   (no shield)
rNeg     . . .     Faith    .   a - +0 robe
rPois    .         Spirit   .   (no helmet)
rElec    .         Reflect  .   (no cloak)
rCorr    .         Harm     .   (no gloves)
MR       .....                  (no boots)
Stlth    ++........             (no amulet)
HPRegen  0.03/turn              (no ring)
MPRegen  0.10/turn              (no ring)

@: no status effects
A: no striking features
a: no special abilities


You were on level 1 of the Dungeon.
You were not hungry.

You visited 1 branch of the dungeon, and saw 1 of its levels.

You collected 21 gold pieces.

Inventory:

Armour
 a - a +0 robe (worn)
Scrolls
 d - a scroll of identify {!r, unknown}
Potions
 b - a potion of agility {!q, unknown}
Comestibles
 c - a ration


   Skills:
 + Level 0.1 Fighting
 - Level 2.4 Dodging
 - Level 2.4 Stealth
 - Level 3.0 Spellcasting
 - Level 4.3 Summonings


You had 5 spell levels left.
You knew the following spells:

 Your Spells              Type           Power        Failure   Level  Hunger
a - Summon Small Mammal   Summ           ###.         2%          1    None

Your spell library contained the following spells:

 Spells                   Type           Power        Failure   Level  Hunger
 Summon Ice Beast         Ice/Summ       ##......     52%         4    ####...
 Call Imp                 Summ           ###.....     3%          2    ##.....
 Call Canine Familiar     Summ           ###.....     8%          3    ###....
 Summon Lightning Spire   Summ/Air       ##......     52%         4    ####...
 Summon Guardian Golem    Hex/Summ       ##......     19%         3    ###....


Dungeon Overview and Level Annotations

Branches:
Dungeon (1/15)

Altars:


Message History

The hobgoblin closely misses you.
The bat moves out of view.
A hobgoblin comes into view. It is wielding a club.
A rat comes into view.
The hobgoblin shouts!
Casting: Summon Small Mammal (safe; 2% risk of failure)
Confirm with . or Enter, or press ? or * to list all spells.
The ball python closely misses you. The ball python grabs you.
The ball python constricts you.
The ball python bites you but does no damage.
The ball python constricts you.
You escape the ball python's grasp.
The hobgoblin closely misses your quokka.
Something hits your quokka.
The hobgoblin hits your quokka but does no damage.
The hobgoblin hits your quokka with a club.
The hobgoblin completely misses your quokka.
The hobgoblin hits your quokka with a club!
Your quokka dies!
Your quokka's corpse disappears in a puff of smoke!
The hobgoblin shouts!
You see here a scroll labeled QAZXAX RAOX {!r}.
d - a scroll labeled QAZXAX RAOX {!r} The ball python bites you but does no damage.
The ball python grabs you. The ball python constricts you.
You escape the ball python's grasp.
The ball python barely misses you. The ball python closely misses you.
The ball python bites you but does no damage.
The ball python closely misses you.
The kobold shouts!
A rat comes into view.
You open the door. The ball python barely misses you.
The ball python closely misses you. The ball python bites you.
The ball python barely misses you.
A hobgoblin comes into view. It is wielding a club.
There is an open door here.
A ball python comes into view.
The ball python hisses angrily.
Casting: Summon Small Mammal (safe; 2% risk of failure)
Confirm with . or Enter, or press ? or * to list all spells.
The hobgoblin shouts!
The ball python barely misses you. x2
Something bites your quokka but does no damage.
The hobgoblin hits your quokka with a club.
Something barely misses your quokka. Something misses your quokka.
The ball python closely misses you. The ball python grabs you.
* * * LOW HITPOINT WARNING * * *
The ball python constricts you.
The rat dies!
The ball python bites you.
* * * LOW HITPOINT WARNING * * *
You escape the ball python's grasp.
Something closely misses your quokka. The ball python bites you.
* * * LOW HITPOINT WARNING * * *
The ball python grabs you.
* * * LOW HITPOINT WARNING * * *
The ball python constricts you.
You escape the ball python's grasp.
The hobgoblin hits you but does no damage.
The hobgoblin barely misses you.
Unknown command.
The hobgoblin closely misses your quokka.
Found a stone staircase leading down.
The ball python bites you.
You die...

########## #........#
#........# ###........#
####### ...........+
....... #........#
#.....#
####.##.SS.r...###.....#
....>..@.g...g.r.†r....+
##################l....#
#.....# #..r..# #.....#
##...r.# ###......#
#....###.!
########.#...###.


You could see 2 hobgoblins, 2 ball pythons and a friendly quokka.

Vanquished Creatures (collateral kills)
  A rat (D:1)
1 creature vanquished.

Notes
Turn   | Place    | Note
-------+----------+-------------------------------------------
     0 | D:1      | Amnesiac the Deep Elf Summoner began the quest for the Orb.
     0 | D:1      | Reached XP level 1. HP: 10/10 MP: 6/6
    93 | D:1      | Slain by a ball python

Vault maps used:
D:1:      evilmike_arrival_hilbert_curve, minmay_misc_feat_alley,
          minmay_rat_gold_closets

Action                   || total
-------------------------++-------
Melee: Unarmed           ||     1
 Cast: Summon Small Mamm ||     5
Armor: Robe              ||     5
Dodge: Dodged            ||    27

Table legend:
 A = Spawn XP
 B = Non-spawn XP
 C = Spawn XP percentage of total XP
 D = Spawn monster count
 E = Non-spawn monster count
 F = Spawn count percentage of total count
 G = Total turns spent on level
                    A         B        C        D         E        F      G
               +---------+---------+-------+---------+---------+-------+---------
         Total |       0 |       1 |   0.0 |       0 |       1 |   0.0 |    93
               +---------+---------+-------+---------+---------+-------+---------
           D:1 |       0 |       1 |   0.0 |       0 |       1 |   0.0 |    93
               +---------+---------+-------+---------+---------+-------+---------
